 Dungeon Crawl Stone Soup version 0.27-a0-1154-gfdeffcb720 (webtiles) character file.

Game seed: 1609473294025857406

57 leviel the Covered (level 3, 0/33 HPs)
             Began as a Minotaur Fighter on May 14, 2021.
             Killed by divine providence
             ... invoked by an orc priest
              (10 damage)
             ... on level 4 of the Dungeon.
             The game lasted 00:01:03 (1345 turns).

leviel the Covered (Minotaur Fighter)               Turns: 1345, Time: 00:01:03

Health: 0/33       AC:  7    Str: 27    XL:     3   Next: 73%
Magic:  2/2        EV:  8    Int:  5    God:
Gold:   62         SH:  0    Dex:  9    Spells: 2/2 levels left

rFire    . . .     SeeInvis .   a - +0 war axe
rCold    . . .     Faith    .   c - +0 kite shield
rNeg     . . .     Spirit   .   b - +0 scale mail
rPois    .         Reflect  .   (helmet restricted)
rElec    .         Harm     .   (no cloak)
rCorr    .         Rampage  .   (no gloves)
Will     .....                  (no boots)
Stlth    ..........             (no amulet)
HPRegen  0.11/turn              g - +6 ring of strength
MPRegen  0.08/turn              (no ring)

@: confused
A: horns 2, retaliatory headbutt
a: no special abilities


You were on level 4 of the Dungeon.
You visited 1 branch of the dungeon, and saw 4 of its levels.

You collected 62 gold pieces.

Inventory:

Hand Weapons
 a - a +0 war axe (weapon)
Armour
 b - a +0 scale mail (worn)
 c - a +0 kite shield (worn)
Jewellery
 g - a +6 ring of strength (left hand)
Scrolls
 e - a scroll of identify {unknown}
 f - a scroll of acquirement {unknown}
Potions
 d - a potion of might
 h - a potion of brilliance {unknown}


   Skills:
 + Level 4.0 Fighting
 + Level 3.4 Axes
 + Level 4.2 Armour
 + Level 0.7 Dodging
 + Level 4.2 Shields


You had 2 spell levels left.
You didn't know any spells.
Your spell library was empty.

Dungeon Overview and Level Annotations

Branches:
Dungeon (4/15)
 Temple: D:4-7

Altars:
Makhleb


Innate Abilities, Weirdness & Mutations

You have a pair of horns on your head.
You reflexively headbutt those who attack you in melee.


Message History

Your shield prevents you from hitting the orc wizard.
You slash the plant!
A nearby plant withers and dies.
You bump into the rock wall.
The orc wizard hits you with a +0 dagger.
The orc priest barely misses you.
You closely miss the orc wizard. You slash the orc priest!
The orc wizard hits you with a +0 dagger.
The orc priest closely misses you.
The orc wizard hits you but does no damage.
The orc wizard casts a spell at itself.
The orc wizard flickers and vanishes!
Deactivating autopickup; reactivate with Ctrl-A.
The orc priest hits you but does no damage.
You bump into the rock wall.
The orc wizard hits you but does no damage.
The goblin hits the plant with a +0 club.
The plant begins to die.
The orc priest hits you but does no damage.
You bump into the rock wall.
The orc wizard hits you but does no damage.
The goblin hits the plant with a +0 club.
The orc priest hits you with a +0 dagger.
You're too confused to move!
You feel less confused. The orc wizard casts a spell at you.
You are confused.
The goblin hits the plant with a +0 club.
The orc priest hits you but does no damage.
You closely miss the orc priest. Your headbutt misses the orc priest.
The orc priest is heavily wounded.
You miss the orc wizard.
A nearby plant withers and dies.
The orc wizard hits you but does no damage.
The orc priest invokes the aid of Beogh against you.
Pain shoots through your body! The orc wizard casts a spell at you.
The puff of flame hits you.
You bump into the rock wall.
The orc priest calls down the wrath of Beogh upon you.
Beogh smites you!
You die...

...#.##.##.#..#.###. #
#.#.#.............. #
#.###....#####........
..................######
#P. #P...........#
P...P.#....####...#
..... #..### ##.##
..)...#.## #.# .....go@#
#.# .P....#o# #.#
......#{# .# #...# #o#
.... ..# ##. ... # ###


You could see an orc priest, an orc wizard, an orc and a goblin.

Vanquished Creatures
  Robin (D:4)
  3 dart slugs
  An orc (D:4)
  An endoplasm (D:1)
  3 giant cockroaches
  3 hobgoblins
  2 quokkas
  3 ball pythons (D:1)
  2 bats
  11 goblins
  5 kobolds
  2 rats (D:2)
37 creatures vanquished.

Vanquished Creatures (others)
  8 plants
8 creatures vanquished.

Grand Total: 45 creatures vanquished

Notes
Turn   | Place    | Note
-------+----------+-------------------------------------------
     0 | D:1      | leviel the Minotaur Fighter began the quest for the Orb.
     0 | D:1      | Reached XP level 1. HP: 19/19 MP: 0/0
   319 | D:1      | Reached XP level 2. HP: 27/27 MP: 1/1
  1043 | D:3      | Found a burning altar of Makhleb.
  1192 | D:4      | Reached XP level 3. HP: 33/33 MP: 2/2
  1199 | D:4      | Noticed Robin
  1205 | D:4      | Killed Robin
  1345 | D:4      | Killed from afar by an orc priest

Illustrated notes

Levels and vault maps discovered:
D:1:      dpeg_arrival_pits, layout_loops_ring, serial_forest,
          infiniplex_forest_side_room, infiniplex_forest_clump_cross,
          infiniplex_forest_side_room, infiniplex_forest_lined_3_way,
          infiniplex_forest_clump_medium, infiniplex_forest_straight_3,
          infiniplex_forest_lined_4_way, infiniplex_forest_corner_1,
          infiniplex_forest_lined_3_way, infiniplex_forest_zigzag_1
D:2:      layout_loops_ring, shapermc_ecumenical_altar_hornbeckon
D:3:      layout_loops_ring, lightli_temple_of_fire, uniq_sigmund
D:4:      cheibrodos_old_hovel, layout_loops_ring, zin_scriptorium,
          lemuel_coloured_pillars_altar, minmay_vboxes, uniq_duvessa,
          uniq_grinder, uniq_robin

Skill      XL: |  1  2  3 |
---------------+----------+-----
Shields        | 4 |  4.2
Armour         | 4 |  4.2
Axes           | 3 |  3.4
Fighting       | 4 |  4.0
Dodging        | |  0.7

Action                   || total
-------------------------++-------
Melee: War axe           ||    73
       Headbutt          ||     9
Armor: Scale mail        ||    54
Dodge: Dodged            ||    19
Block: Kite shield       ||    36

Table legend: (Time is in decaauts)
 A = Elapsed time spent in this place.
 B = Non-inter-level travel time spent in this place.
 C = Inter-level travel time spent in this place.
 D = Time resting spent in this place.
 E = Time spent auto-exploring this place.
 F = Levels seen in this place.
 G = Mean time per level.
                   A        B        C        D        E       F      G
               +--------+--------+--------+--------+--------+-----+--------+
         Total |   1386 |   1269 |    117 |      0 |   1071 |   4 |  346.5 |
       Dungeon |   1386 |   1269 |    117 |      0 |   1071 |   4 |  346.5 |
               +--------+--------+--------+--------+--------+-----+--------+

Top non-repeatable levels by time:
     D:1: 719 daAuts
     D:3: 251 daAuts
     D:2: 243 daAuts
     D:4: 172 daAuts
